Map: Dusty Gorge

Players

LOADBLASTER - Winner!

  • Race: Terran Terran
  • League: Master
  • Spawn Location: 11:00

PureLegacy - Winner!

  • Race: Terran Terran
  • Spawn Location: 9:00

KoB

  • Race: Protoss Protoss
  • Spawn Location: 3:00

Target

  • Race: Zerg Zerg
  • League: Master
  • Spawn Location: 5:00

VOD

Have the link to the VOD?

Description

Time

  • Played on: Nov. 26, 2018, 2:10 p.m.
  • Length: 10:40
Show
View Real Time Build Order
Export as new Build Order

LOADBLASTER Terran - Winner!

Build Orders: Mech 

Get SALT Encoding   

  12  0:00  SCV  
  13  0:13  SCV  
  14  0:18  Supply Depot  
  14  0:25  SCV  
  15  0:39  SCV  
  15  0:40  Barracks  
  16  0:46  Refinery  
  16  0:52  SCV  
  17  1:04  SCV  
  18  1:16  SCV  
  19  1:28  Marine, Orbital Command  
  20  1:45  Command Center  
  20  1:55  Factory  
  20  1:59  SCV  
  21  2:05  Barracks Reactor  
  21  2:13  SCV  
  22  2:18  Supply Depot  
  22  2:19  Refinery  
  22  2:25  SCV  
  23  2:40  SCV  
  23  2:43  Marine  
  23  2:44  Marine  
  26  2:47  Factory Tech Lab  
  26  2:48  Starport  
  25  2:54  SCV  
  25  2:57  Orbital Command  
  26  3:01  Marine x2  
  28  3:06  SCV  
  28  3:12  Siege Tank  
  32  3:18  SCV  
  32  3:19  Marine x2  
  35  3:23  SCV  
  36  3:30  SCV  
  36  3:33  Supply Depot  
  37  3:35  SCV  
  38  3:42  SCV  
  38  3:44  Siege Tank  
  38  3:47  SCV  
  38  3:48  Supply Depot  
  43  3:49  Marine  
  43  3:53  Medivac  
  43  3:55  SCV  
  47  3:59  SCV  
  48  4:07  Marine, SCV  
  50  4:12  Medivac  
  50  4:15  Command Center  
  50  4:17  SCV  
  53  4:22  Refinery  
  53  4:23  Refinery, SCV  
  54  4:29  SCV  
  55  4:31  Armory  
  55  4:35  SCV  
  56  4:41  SCV  
  57  4:46  Supply Depot  
  57  4:47  Barracks Reactor  
  57  4:48  SCV  
  58  4:53  SCV  
  58  4:59  Factory  
  59  5:00  SCV  
  59  5:05  Factory Tech Lab, SCV  
  61  5:12  SCV  
  62  5:16  Factory  
  62  5:17  SCV  
  63  5:24  SCV  
  63  5:28  Siege Tank  
  67  5:29  SCV  
  67  5:30  Orbital Command  
  67  5:36  SCV  
  67  5:41  SCV  
  60  5:45  Medivac x2  
  60  5:48  Terran Vehicle Weapons Level 1, SCV  
  62  5:53  SCV  
  62  5:54  Hellion x2  
  64  6:00  SCV  
  64  6:03  Hellion, Siege Tank  
  70  6:05  SCV  
  70  6:07  Orbital Command  
  71  6:12  SCV  
  71  6:18  Infernal Pre-Igniter, SCV  
  73  6:22  Refinery, Hellion x2  
  73  6:24  Refinery  
  77  6:26  SCV  
  78  6:33  Factory  
  78  6:36  Factory  
  78  6:37  Supply Depot  
  78  6:38  SCV x2  
  80  6:41  SCV  
  80  6:44  Hellion  
  83  6:49  Hellion  
  83  6:54  Supply Depot  
  85  6:59  Hellion, SCV x3  
  90  7:01  Supply Depot  
  90  7:05  Siege Tank  
  93  7:10  Supply Depot  
  93  7:11  Hellion, SCV x3  
  98  7:16  Supply Depot  
  98  7:17  Factory Tech Lab  
  98  7:19  Factory Reactor  
  98  7:23  SCV x2, Siege Tank  
  103  7:32  Hellion  
  103  7:33  Medivac x2  
  109  7:37  Siege Tank  
  109  7:39  Hellion  
  117  7:45  Armory  
  117  7:46  Terran Vehicle Weapons Level 2  
  117  7:53  Hellion  
  117  7:55  Siege Tank  
  120  8:00  Supply Depot, Hellion  
  120  8:02  Hellion  
  124  8:08  Hellion  
  124  8:10  Siege Tank  
  124  8:11  Siege Tank  
  127  8:14  Hellion  
  127  8:15  Command Center  
  123  8:21  Medivac, Hellion  
  123  8:25  Medivac  
  132  8:27  Siege Tank  
  132  8:34  Hellion  
  132  8:37  Terran Vehicle And Ship Armor Level 1  
  132  8:38  Hellion x2  
  132  8:40  SCV x2  
  126  8:44  Supply Depot  
  126  8:46  Engineering Bay  
  126  8:47  Supply Depot  
  134  8:53  Starport  
  139  9:07  Thor x3  
  139  9:08  Hellion  
  139  9:09  Hellion x2  
  150  9:13  Supply Depot  
  150  9:16  Sensor Tower  
  150  9:19  Supply Depot  
  142  9:26  Hellion  
  142  9:29  Hellion  
  124  9:37  Starport Reactor  
  117  9:38  Hellion x2  
  117  9:49  Thor  
  117  9:50  Thor, Siege Tank  
  117  9:51  Hellion  
  134  9:55  Missile Turret  
  134  10:02  Hellion  
  134  10:03  Refinery  
  134  10:06  Refinery  
  132  10:18  Hellion x2  
  132  10:20  SCV x2  
  130  10:22  SCV  
Show
View Real Time Build Order
Export as new Build Order

PureLegacy Terran - Winner!

Build Orders: Gas First Reaper Expand 

Get SALT Encoding   

  12  0:02  SCV  
  13  0:14  SCV  
  13  0:20  Supply Depot  
  14  0:26  SCV  
  15  0:34  Refinery  
  15  0:41  SCV  
  16  0:50  Barracks  
  16  0:54  SCV  
  17  1:06  SCV  
  19  1:18  SCV  
  19  1:37  Reaper, Orbital Command  
  20  1:48  Command Center  
  20  1:57  Supply Depot  
  20  2:03  SCV  
  21  2:10  Barracks Reactor  
  21  2:12  Barracks  
  21  2:19  SCV  
  21  2:22  Barracks  
  22  2:27  Supply Depot  
  22  2:31  SCV  
  23  2:43  SCV  
  24  2:54  Marine x2  
  26  3:04  Barracks Tech Lab, SCV  
  27  3:06  Refinery, Orbital Command  
  27  3:11  Marine  
  27  3:12  Marine  
  29  3:13  Marine  
  29  3:16  SCV  
  31  3:22  Marine  
  31  3:26  Stimpack  
  32  3:29  Marine x2, SCV  
  36  3:34  SCV  
  36  3:37  Marine  
  36  3:40  Marine  
  36  3:41  SCV  
  39  3:46  SCV  
  39  3:47  Factory  
  39  3:48  Marine  
  39  3:49  Marine  
  39  3:53  SCV  
  42  3:56  Bunker  
  42  3:58  SCV  
  42  3:59  Marine  
  42  4:00  Marine  
  45  4:05  SCV  
  46  4:10  SCV  
  49  4:17  Supply Depot, SCV  
  49  4:22  SCV  
  49  4:25  Command Center  
  49  4:30  SCV  
  50  4:32  Barracks Reactor  
  50  4:34  Starport  
  50  4:36  Factory Reactor  
  50  4:37  SCV  
  51  4:42  SCV  
  51  4:43  Marine x2  
  54  4:48  Supply Depot  
  54  4:50  Marine  
  54  4:52  SCV  
  56  4:54  SCV  
  57  5:01  Engineering Bay x2  
  57  5:04  SCV  
  57  5:06  Marine x2, SCV  
  61  5:10  Refinery  
  61  5:12  Refinery  
  61  5:16  SCV  
  61  5:18  Supply Depot, SCV  
  61  5:19  Medivac x2  
  67  5:30  SCV x2  
  67  5:34  Terran Infantry Armor Level 1, Terran Infantry Weapons Level 1  
  69  5:37  Orbital Command  
  69  5:48  Barracks x2  
  69  5:50  SCV x2  
  69  5:52  Marine x4  
  69  5:53  Marine  
  69  5:55  Combat Shield  
  76  6:05  SCV x2  
  76  6:08  Supply Depot  
  76  6:09  Supply Depot  
  78  6:17  Marine x3  
  78  6:18  Marine x2  
  83  6:19  SCV x2, Orbital Command  
  83  6:23  Armory  
  85  6:26  Supply Depot  
  85  6:35  Medivac x2  
  85  6:36  Barracks Reactor, Barracks Tech Lab  
  89  6:48  Marine x4  
  89  6:49  Marauder  
  89  6:53  SCV x3  
  97  6:57  Concussive Shells  
  97  6:58  Marauder  
  99  7:02  Barracks  
  99  7:03  Barracks, Supply Depot  
  99  7:05  Medivac x2  
  99  7:06  SCV x3  
  106  7:14  Supply Depot x2  
  106  7:21  Marine x4  
  109  7:26  Marine x2  
  109  7:27  Marauder  
  113  7:30  Supply Depot, SCV x3  
  113  7:31  Supply Depot  
  116  7:40  Terran Infantry Weapons Level 2, Terran Infantry Armor Level 2  
  114  7:48  Marine x2  
  114  7:49  Marauder  
  117  7:52  Supply Depot  
  117  7:58  SCV x3, Barracks Tech Lab x2  
  108  8:07  Command Center  
  104  8:21  Medivac x2  
  104  8:22  Marauder x4  
  104  8:23  Marine x2  
  104  8:24  Marine x4  
  120  8:31  Supply Depot  
  120  8:33  Barracks x2  
  120  8:35  SCV x2  
  120  8:36  Refinery, SCV  
  120  8:39  Refinery  
  122  8:44  Marine x2, Marauder  
  122  8:47  Marine x2  
  122  8:48  Marine x3, Marauder  
  133  8:49  Marauder  
  133  8:51  Medivac x2  
  133  8:55  Missile Turret x2  
  139  8:57  Missile Turret  
  139  8:58  Supply Depot  
  139  9:01  Marine  
  139  9:02  Marine  
  141  9:05  Marine x2  
  141  9:06  Marauder, SCV x2  
  141  9:07  SCV  
  148  9:15  Marine x3  
  148  9:16  Missile Turret, Marauder  
  153  9:24  Planetary Fortress, Supply Depot  
  153  9:25  Sensor Tower  
  153  9:32  Marine x3, Marauder x2, Barracks Tech Lab  
  153  9:33  Barracks Tech Lab  
  156  9:41  Marine x3, Marauder x2  
  140  9:54  Marauder  
  140  9:55  Marine x2  
  140  9:56  Marine, Marauder x3  
  140  9:57  Medivac  
  140  9:58  Marine  
  140  9:59  Marine  
  154  10:03  Marine, Marauder x2  
  155  10:13  Marine x2  
  141  10:16  Marine x2, Marauder  
  141  10:17  Marine, Marauder  
  141  10:18  Marauder x2  
  148  10:21  Marine  
  149  10:29  Refinery  
  149  10:30  Starport  
  149  10:32  Fusion Core  
  149  10:34  Refinery  
Show
View Real Time Build Order
Export as new Build Order

KoB Protoss 

Build Orders:  

Get SALT Encoding   

  12  0:01  Probe  
  13  0:13  Probe  
  14  0:20  Pylon  
  14  0:25  Probe  
  15  0:36  Probe  
  15  0:40  Gateway  
  16  0:44  Probe  
  17  0:52  Probe  
  17  0:54  Assimilator  
  18  1:04  Probe  
  19  1:17  Probe  
  20  1:29  Probe, Cybernetics Core  
  20  1:31  Pylon  
  21  1:50  Nexus  
  21  1:55  Stalker  
  21  1:58  Assimilator  
  21  2:02  Warp Gate  
  23  2:13  Probe  
  23  2:25  Stalker, Probe  
  26  2:37  Probe  
  27  2:49  Probe  
  30  3:00  Sentry  
  30  3:01  Probe  
  30  3:02  Probe  
  32  3:08  Robotics Facility  
  32  3:13  Probe  
  32  3:14  Probe  
  32  3:15  Gateway  
  32  3:17  Gateway  
  34  3:25  Probe  
  35  3:33  Probe  
  36  3:37  Adept  
  36  3:38  Pylon  
  36  3:40  Probe  
  39  3:47  Immortal  
  39  3:51  Probe  
  39  3:52  Probe  
  45  4:03  Probe  
  45  4:04  Probe  
  47  4:13  Adept x2  
  47  4:14  Sentry  
  47  4:15  Probe  
  54  4:20  Pylon  
  54  4:32  Observer  
  54  4:34  Pylon  
  54  4:38  Assimilator, Probe x2  
  57  4:40  Assimilator  
  57  4:47  Twilight Council  
  57  4:49  Observer  
  57  4:50  Probe x2  
  60  5:02  Probe x2  
  62  5:09  Stalker x2  
  66  5:14  Probe x2  
  68  5:24  Resonating Glaives  
  68  5:26  Probe x2  
  70  5:39  Probe  
  67  5:54  Probe x2  
  69  5:58  Robotics Bay  
  69  6:00  Pylon  
  69  6:06  Probe  
  69  6:09  Pylon  
  69  6:10  Pylon  
  70  6:13  Gateway  
  70  6:14  Nexus  
  70  6:15  Gateway  
  70  6:16  Pylon  
  70  6:18  Immortal, Pylon  
  74  6:22  Pylon  
  74  6:26  Adept  
  74  6:27  Adept  
  78  6:38  Adept  
  78  6:45  Probe  
  77  6:49  Probe  
  77  6:50  Shield Battery  
  78  6:55  Blink  
  78  6:57  Probe, Extended Thermal Lance  
  78  6:58  Colossus  
  78  6:59  Forge, Shield Battery  
  78  7:01  Probe  
  80  7:10  Probe  
  80  7:15  Probe  
  88  7:20  Assimilator  
  88  7:22  Probe  
  89  7:25  Stalker  
  88  7:34  Stalker x4  
  96  7:49  Probe x2  
  97  8:03  Adept x2  
  97  8:04  Adept x2  
  90  8:20  Nexus  
  90  8:24  Photon Cannon  
  91  8:27  Probe x2  
  92  8:39  Probe x2  
  94  8:45  Colossus  
  94  8:51  Probe x2  
  102  9:03  Probe x2  
  102  9:06  Sentry x2  
  108  9:19  Stalker x2  
  110  9:29  Adept  
  78  9:39  Probe x3  
  77  9:53  Probe x2  
  77  9:54  Probe  
  80  10:04  Adept x3  
  80  10:05  Probe  
  80  10:06  Probe  
  64  10:16  Stalker  
  60  10:29  Adept  
  60  10:30  Adept  
Show
View Real Time Build Order
Export as new Build Order

Target Zerg 

Build Orders: Hatch First 

Get SALT Encoding   

  12  0:00  Drone  
  13  0:12  Overlord  
  13  0:18  Drone  
  14  0:31  Drone x2  
  14  0:34  Drone  
  17  0:54  Hatchery  
  17  0:55  Drone  
  17  0:58  Drone  
  18  1:09  Extractor  
  17  1:15  Spawning Pool  
  17  1:16  Drone  
  17  1:20  Drone  
  18  1:28  Drone  
  19  1:46  Hatchery  
  18  1:47  Drone  
  18  1:52  Drone  
  20  2:03  Queen  
  22  2:12  Metabolic Boost  
  22  2:18  Queen  
  24  2:23  Zergling x2  
  24  2:26  Overlord  
  25  2:37  Zergling x6  
  28  2:56  Spore Crawler  
  27  3:05  Drone  
  27  3:06  Drone x6  
  27  3:10  Queen  
  27  3:11  Overlord  
  36  3:18  Queen  
  38  3:21  Drone  
  38  3:24  Drone  
  38  3:26  Drone  
  41  3:29  Drone  
  42  3:35  Drone x3  
  43  3:53  Drone x7  
  50  4:04  Overlord x2, Extractor  
  50  4:05  Drone  
  50  4:06  Evolution Chamber  
  49  4:10  Evolution Chamber  
  49  4:15  Drone x2  
  49  4:16  Overlord x2  
  50  4:30  Drone x5  
  50  4:31  Drone  
  56  4:34  Extractor  
  56  4:36  Extractor  
  54  4:39  Spore Crawler  
  54  4:43  Baneling Nest, Drone  
  53  4:46  Drone  
  53  4:47  Drone x4  
  58  4:55  Lair  
  58  4:58  Drone x4  
  62  5:02  Overlord  
  62  5:05  Drone x2  
  64  5:11  Zergling x8  
  68  5:15  Queen  
  68  5:16  Zergling x2  
  68  5:18  Zergling x2  
  72  5:28  Zergling x10  
  67  5:51  Zerg Ground Armor Level 1  
  67  5:52  Zerg Melee Weapons Level 1  
  67  5:53  Drone  
  67  5:54  Drone x9  
  76  6:08  Zergling x2  
  76  6:09  Zergling x4  
  79  6:14  Spore Crawler  
  79  6:16  Spine Crawler  
  77  6:18  Centrifical Hooks  
  77  6:25  Drone, Extractor  
  76  6:26  Drone x2, Infestation Pit, Extractor  
  76  6:27  Drone x3  
  76  6:28  Drone x3  
  76  6:29  Overlord x2  
  83  6:39  Baneling x14  
  83  6:40  Baneling x2  
  83  6:43  Zergling x10  
  79  6:47  Drone  
  80  7:07  Drone x4  
  80  7:08  Drone x2  
  85  7:09  Drone x2  
  85  7:12  Hive  
  88  7:24  Spore Crawler  
  88  7:25  Zergling x2  
  88  7:26  Zergling x20  
  98  7:35  Overlord x2  
  95  7:50  Zergling x2  
  95  7:51  Zergling x18  
  105  7:52  Zerg Melee Weapons Level 2  
  105  7:53  Zerg Ground Armor Level 2  
  105  7:54  Overlord  
  105  7:55  Overlord  
  105  7:56  Overlord  
  105  8:01  Hatchery  
  95  8:23  Zergling x2  
  95  8:24  Zergling x24  
  108  8:34  Queen  
  84  8:43  Zergling x18  
  84  8:44  Zergling x4  
  95  8:49  Adrenal Glands, Ultralisk Cavern  
  94  8:57  Zergling x6  
  97  9:03  Baneling x10  
  97  9:04  Baneling x9  
  97  9:05  Viper  
  97  9:09  Queen  
  100  9:10  Viper x2  
  100  9:15  Overlord x2  
  108  9:18  Hatchery  
  106  9:29  Drone x2  
  106  9:30  Drone x2, Zergling x2  
  109  9:31  Zergling x10  
  106  9:57  Hatchery  
  102  10:07  Hatchery  
  73  10:23  Zergling x2  
Tags
 
Add a new tag
Caveats
  • Supply blocks, unpowered buildings, or Contaminate may cause inaccurate times.
  • Supply counts are checked every 10 seconds.